 Dungeon Crawl Stone Soup version 0.19-a0-790-ge39e1af (console) character file.

1047 brucemayne the Cleaver (level 8, -2/85 HPs)
             Began as a Vampire Berserker on June 26, 2016.
             Was a Priest of Trog.
             Slain by an orc warrior
             ... wielding a +0 glaive
              (17 damage)
             ... in a bailey.
             The game lasted 00:07:51 (1906 turns).

brucemayne the Cleaver (Vampire Berserker)          Turns: 1906, Time: 00:07:51

Health: -2/85      AC: 11    Str: 20 (23) XL:     8   Next: 5%
Magic:  8/8        EV:  6    Int: 13 (15) God:    Trog [***...]
Gold:   78         SH:  0    Dex: 10 (13) Spells: 0 memorised, 7 levels left

rFire  . . .     SeeInvis +     a - +0 hand axe
rCold  . . .     Gourm    .     e - +0 plate armour
rNeg   + . .     Faith    .     (no shield)
rPois  .         Spirit   .     (no helmet)
rElec  .         Dismiss  .     (no cloak)
rCorr  .         Reflect  .     (no gloves)
SustAt .         Harm     .     r - +0 pair of boots
MR     .....                    f - amulet of regeneration
Stlth  ..........               (no ring)
                                (no ring)

@: brilliant, berserking, very quick, not resistant to hostile enchantments,
extremely unstealthy
A: fangs 3, see invisible, unbreathing
a: Bat Form, Berserk, Trog's Hand, Burn Spellbooks, Renounce Religion


You were in a bailey.
You worshipped Trog.
Trog was most pleased with you.
You were not thirsty.

You visited 1 branch of the dungeon, and saw 8 of its levels.
You also visited: Bailey.

You collected 78 gold pieces.

Inventory:

Hand Weapons
 a - a +0 hand axe (weapon)
Missiles
 s - 16 poisoned needles
Armour
 b - a +0 animal skin
 e - a +0 plate armour (worn)
 r - a +0 pair of boots (worn)
Jewellery
 d - an uncursed amulet of harm
 f - an amulet of regeneration (around neck)
 g - an uncursed ring of wizardry
 j - an uncursed ring of ice
Wands
 x - a wand of flame (40/48)
Scrolls
 h - a scroll of teleportation
 k - 2 scrolls of immolation {unknown}
 l - a scroll of enchant armour {unknown}
 m - 3 scrolls of blinking {unknown}
 p - a scroll of remove curse
 t - a scroll of magic mapping {unknown}
 w - a scroll of noise {unknown}
Potions
 c - 4 potions of blood
 o - a potion of curing
 v - a potion of agility {unknown}


   Skills:
 - Level 2.6 Fighting
 + Level 9.1 Axes
 - Level 1.5 Armour
 - Level 2.1 Dodging


You had 7 spell levels left.
You didn't know any spells.

Dungeon Overview and Level Annotations

Branches:
Dungeon (8/15)               Lair (0/6) D:8
 Temple: D:4-7

Altars:
Dithmenos
Elyvilon

Annotations:
D:8 exclusion: upstairs


Innate Abilities, Weirdness & Mutations

You have razor-sharp teeth.
You have supernaturally acute eyesight. (SInv)
You can survive without breathing.


Message History

You barely miss the orc warrior. The orc warrior closely misses you.
You hit the orc warrior.
The orc warrior is lightly wounded.
You closely miss the orc warrior.
The orc warrior is lightly wounded.
You closely miss the orc warrior.
The orc warrior is lightly wounded.
The orc warrior barely misses you.
You hit the orc warrior.
The orc warrior is moderately wounded.
Your plate armour prevents you from hitting the orc warrior.
The orc warrior is moderately wounded.
The orc warrior hits you with a glaive!!
* * * LOW HITPOINT WARNING * * *
You slash the orc warrior!
The orc warrior is severely wounded.
You closely miss the orc warrior.
The orc warrior is severely wounded.
The orc warrior hits you with a glaive!
You die...

##.≈.#
##..≈.
##..≈≈.
#..≈≈.##
#..≈≈.∩#
#..≈≈.#
##.o≈.#
#@≈.#
##)≈.#
#####))≈.#
##≈≈≈≈≈≈≈.#
#.........#
##.########
##...####
####..∩##
####∩#


You could see an orc warrior.

Vanquished Creatures
  Menkaure (D:6)
  A water moccasin (D:7)
  2 ogres
  A centaur (D:7)
  2 scorpions
  2 howler monkeys (D:8)
  2 crimson imps
  A giant frog zombie (D:5)
  A centaur zombie (D:5)
  A centaur skeleton (D:4)
  2 hounds (D:7)
  2 iguanas
  A worker ant (D:5)
  A worker ant zombie (D:8)
  4 adders
  A giant gecko (D:5)
  10 orcs
  9 bats
  3 giant cockroaches
  6 goblins
  2 hobgoblins (D:3)
  7 jackals
  2 quokkas
  A giant gecko zombie (D:5)
  3 giant newts
  5 rats
73 creatures vanquished.

Vanquished Creatures (others)
  A dart slug (D:2)
  A fungus (D:8)
2 creatures vanquished.

Grand Total: 75 creatures vanquished

Notes
Turn   | Place    | Note
--------------------------------------------------------------
     0 | D:1      | brucemayne the Vampire Berserker began the quest for the Orb.
     0 | D:1      | Reached XP level 1. HP: 17/17 MP: 1/1
    31 | D:1      | Reached skill level 3 in Axes
    40 | D:1      | Reached XP level 2. HP: 16/23 MP: 2/2
   177 | D:2      | HP: 1/23 [poisoned by an adder]
   346 | D:2      | Found a white marble altar of Elyvilon.
   427 | D:2      | Reached XP level 3. HP: 28/28 MP: 3/3
   468 | D:2      | Reached ** piety under Trog
   519 | D:2      | Reached skill level 4 in Axes
   749 | D:3      | You fall through a shaft for 3 floors!
   755 | D:7      | Found a shadowy altar of Dithmenos.
   785 | D:5      | Entered Level 5 of the Dungeon
   808 | D:5      | Reached XP level 4. HP: 32/34 MP: 4/4
   863 | D:4      | Reached skill level 5 in Axes
   959 | D:5      | Reached XP level 5. HP: 39/39 MP: 5/5
  1074 | D:6      | Noticed Menkaure
  1079 | D:6      | Killed Menkaure
  1079 | D:6      | Reached skill level 6 in Axes
  1079 | D:6      | Reached XP level 6. HP: 40/46 MP: 6/6
  1249 | D:5      | Reached skill level 7 in Axes
  1368 | D:7      | Reached XP level 7. HP: 23/51 MP: 7/7
  1408 | D:7      | Noticed a hungry ghost
  1434 | D:8      | Reached skill level 8 in Axes
  1539 | D:8      | Found a staircase to the Lair.
  1804 | D:8      | Reached skill level 9 in Axes
  1804 | D:8      | Reached XP level 8. HP: 47/57 MP: 8/8
  1824 | D:8      | Reached *** piety under Trog
  1837 | D:8      | Found a flagged portal.
  1842 | Bailey   | Entered a bailey
  1906 | Bailey   | Slain by an orc warrior

Vault maps used:
D:1:      wheals_arrival_shading, minmay_tetromino_l2
D:2:      elyvilon_altar_4
D:3:      first_bread, minmay_misc_feat_columns, minmay_misc_feat_cross,
          nicolae_ru_the_path_less_chosen
D:4:      kennysheep_six_static_rooms, bloody_makhleb, uniq_eustachio
D:5:      minmay_misc_feat_tiny
D:6:      nicolae_qazlal_eye_of_the_storm, uniq_menkaure,
          uniq_crazy_yiuf_cottage, uniq_pikel
D:7:      serial_shops, shop_coins, basic_altar
D:8:      due_lair_maze_entry_diamond, enter_bailey_3,
          hangedman_little_slice_of_home
Bailey:   bailey_polearm_1, bailey

Skill      XL: |  1  2  3  4  5  6  7 |
---------------+----------------------+-----
Axes           | 3 4 5 6 7 9 |  9.1
Fighting       | |  2.6
Armour         | |  1.5
Dodging        | |  2.1

Action                   |  1- 3 |  4- 6 |  7- 9 || total
-------------------------+-------+-------+-------++-------
Melee: Hand axe          |    94 |    96 |   178 ||   368
       Bite              |    10 |    12 |    18 ||    40
Invok: Berserk           |     4 |     3 |     2 ||     9
       Trog's Hand       |       |     1 |     1 ||     2
  Use: Potion            |     5 |     5 |     8 ||    18
       Scroll            |     5 |       |     1 ||     6
 Stab: Sleeping          |     1 |       |       ||     1
Armor: Animal skin       |    12 |       |       ||    12
       Plate armour      |    61 |    49 |   117 ||   227
Dodge: Dodged            |    63 |    30 |    64 ||   157
